 Dungeon Crawl Stone Soup version 0.22-a0-231-g1b571ea (webtiles) character file.

11572 tidbits the Thaumaturge (level 11, -9/83 HPs)
             Began as a Gnoll Fire Elementalist on Feb 20, 2018.
             Was an Elder of Cheibriados.
             Mangled by an orc warrior
             ... wielding a +0 trident
              (17 damage)
             ... on level 11 of the Dungeon.
             The game lasted 00:39:03 (3460 turns).

tidbits the Thaumaturge (Gnoll Fire Elementalist)   Turns: 3460, Time: 00:39:03

Health: -9/83      AC:  9    Str: 19    XL:     11   Next: 79%
Magic:  3/23       EV: 20    Int: 29    God:    Cheibriados [****..]
Gold:   174        SH:  9    Dex: 26    Spells: 9/26 levels left

rFire    . . .     SeeInvis .   a - +2 whip (elec)
rCold    . . .     Gourm    .   D - +2 buckler
rNeg     . . .     Faith    .   B - +1 troll leather armour
rPois    .         Spirit   .   (no helmet)
rElec    .         Reflect  .   (no cloak)
rCorr    .         Harm     .   (no gloves)
MR       .....                  F - +2 pair of boots
Stlth    ++++......             (no amulet)
HPRegen  0.63/turn              (no ring)
MPRegen  0.18/turn              (no ring)

@: very slow
A: distributed training, fangs 1, strong nose
a: Bend Time, Temporal Distortion, Slouch, Renounce Religion


You were on level 11 of the Dungeon.
You worshipped Cheibriados.
Cheibriados was greatly pleased with you.
You were not hungry.

You visited 2 branches of the dungeon, and saw 15 of its levels.
You also visited: Sewer.

You collected 382 gold pieces.
You spent 208 gold pieces at shops.

Inventory:

Hand Weapons
 a - a +2 whip of electrocution (weapon)
   (You took it off a kobold on level 2 of the Dungeon)
 f - a +0 short sword
 g - a +0 hunting sling
 n - a +0 blowgun
 v - a +2 short sword of flaming
   (You took it off a kobold in a sewer)
 w - a +1 dagger of speed
   (You took it off a big kobold in a sewer)
 A - a +3 scythe of venom
   (You took it off Sigmund on level 3 of the Dungeon)
 M - a +0 dagger
 Q - a +0 war axe
Missiles
 h - 62 stones
 j - 33 bolts
 m - 7 javelins of returning
 t - 11 curare-tipped needles
 H - 11 tomahawks (quivered)
 J - 5 steel tomahawks
 L - 21 arrows
Armour
 b - a +2 leather armour of fire resistance
   (You found it on level 4 of the Dungeon)
 i - a +0 robe
 l - +0 acid dragon scales
 B - a +1 troll leather armour (worn)
 D - a +2 buckler (worn)
 F - a +2 pair of boots (worn)
 N - the +0 robe "Motuaf Xoli" {Str+6 Int+4}
   (You found it on level 4 of the Dungeon)

   It affects your strength (+6).
   It affects your intelligence (+4).
 O - a +2 robe of cold resistance
   (You took it off a wight on level 13 of the Dungeon)
Wands
 d - a wand of digging (7)
 p - a wand of paralysis (11)
 C - a wand of polymorph (24)
Scrolls
 q - 3 scrolls of fog
 r - 5 scrolls of remove curse
 u - a scroll of amnesia
 y - 4 scrolls of teleportation
 E - 2 scrolls of fear
 K - a scroll of enchant armour
 R - a scroll of blinking
Potions
 e - 2 potions of curing
 k - a potion of ambrosia
 o - 5 potions of flight
 s - 2 potions of might
 x - 5 potions of brilliance
 z - a potion of magic
 G - 3 potions of lignification
 I - 2 potions of heal wounds
Miscellaneous
 P - a lightning rod (4/4)
Comestibles
 c - 10 rations


   Skills:
 + Level 6.5 Fighting
 + Level 6.5 Short Blades
 + Level 6.5 Long Blades
 + Level 6.5 Axes
 + Level 6.5 Maces & Flails
 + Level 6.5 Polearms
 + Level 6.5 Staves
 + Level 6.5 Slings
 + Level 6.5 Bows
 + Level 6.5 Crossbows
 + Level 6.5 Throwing
 + Level 6.5 Armour
 + Level 8.0 Dodging
 + Level 7.8 Stealth
 + Level 6.5 Shields
 + Level 6.5 Unarmed Combat
 + Level 8.3 Spellcasting
 + Level 5.8 Conjurations
 + Level 5.4 Hexes
 + Level 5.4 Charms
 + Level 5.4 Summonings
 + Level 5.4 Necromancy
 + Level 5.4 Translocations
 + Level 5.4 Transmutations
 + Level 7.8 Fire Magic
 + Level 5.4 Ice Magic
 + Level 5.4 Air Magic
 + Level 5.4 Earth Magic
 + Level 5.4 Poison Magic
 + Level 7.1 Invocations
 + Level 6.5 Evocations


You had 9 spell levels left.
You knew the following spells:

 Your Spells              Type           Power        Failure   Level  Hunger
a - Flame Tongue          Conj/Fire      #####        1%          1    None
c - Conjure Flame         Conj/Fire      ######..     1%          3    None
f - Fireball              Conj/Fire      ######....   9%          5    ####...
t - Sticky Flame          Conj/Fire      ######..     3%          4    #......
L - Summon Lightning Spi  Summ/Air       #####...     5%          4    #......


Dungeon Overview and Level Annotations

Branches:
Dungeon (14/15)            Temple (1/1) D:6            Lair (0/6) D:9
    Orc: D:9-12      Vaults: D:13-14

Altars:
Ashenzari
Cheibriados
Dithmenos
Gozag
Makhleb
Nemelex Xobeh
Sif Muna
Vehumet
Zin
The Shining One

Shops:
D:13 !*

Annotations:
D:9 exclusion: statue
D:12 exclusion: 2 statues


Innate Abilities, Weirdness & Mutations

Your experience applies equally to all skills.
You have very sharp teeth.
Your uncanny sense of smell can sniff out nearby items.


Message History

The orc warrior burns!
You kill the orc warrior!
Cheibriados thoroughly appreciates the change of pace.
Casting: Sticky Flame (safe; 3% risk of failure)
Confirm with . or Enter, or press ? or * to list all spells.
Aiming: Sticky Flame (safe; 3% risk of failure)
Press: ? - help, Shift-Dir - straight line, f - ogre
Aim: an ogre, wielding a giant spiked club The sticky flame hits the ogre.
The ogre is moderately wounded.
The ogre is covered in liquid flames!
The ogre burns!
You block the ogre's attack. You block the orc warrior's attack.
You hit the ogre. Lightning courses through the ogre!
You kill the ogre!
Cheibriados thoroughly appreciates the change of pace.
Casting: Sticky Flame (safe; 3% risk of failure)
Confirm with . or Enter, or press ? or * to list all spells.
Aiming: Sticky Flame (safe; 3% risk of failure)
Press: ? - help, Shift-Dir - straight line, f - orc warrior
Aim: an orc warrior, wielding a war axe and wearing a chain mail (severely wounded)
The sticky flame hits the orc warrior.
You kill the orc warrior!
Cheibriados appreciates the change of pace.
You block the orc warrior's attack.
You hit the orc warrior but do no damage.
You bite the orc warrior, but do no damage.
The orc warrior hits you from afar with a trident!
Casting: Sticky Flame (safe; 3% risk of failure)
Confirm with . or Enter, or press ? or * to list all spells.
Aiming: Sticky Flame (safe; 3% risk of failure)
Press: ? - help, Shift-Dir - straight line, f - orc warrior
Aim: an orc warrior, wielding a war axe and wearing a chain mail The sticky flame hits the orc warrior.
The orc warrior is lightly wounded.
The orc warrior is covered in liquid flames!
The orc warrior burns!
You block the orc warrior's attack.
You hit the orc warrior.
The orc warrior is moderately wounded.
The orc warrior burns!
The orc warrior barely misses you.
You hit the orc warrior but do no damage.
The orc warrior is heavily wounded.
The orc warrior hits you from afar with a trident!
* * * LOW HITPOINT WARNING * * *
The orc warrior hits you but does no damage.
You hit the orc warrior but do no damage.
The orc warrior is moderately wounded.
The orc warrior burns!
The orc warrior hits you from afar with a trident!
* * * LOW HITPOINT WARNING * * *
You hit the orc warrior but do no damage.
Lightning courses through the orc warrior!
The orc warrior is almost dead.
The orc warrior burns!
You kill the orc warrior!
Cheibriados thoroughly appreciates the change of pace.
The orc shouts repeatedly.
The orc throws a tomahawk.
The tomahawk hits you but does no damage.
You block the orc warrior's attack. The orc hits you but does no damage.
The orc closely misses you. The orc warrior misses you.
You block the orc's attack. The orc misses you.
Items here: ))))))) [[[[[ †††††† Unknown command.
Casting: Sticky Flame (safe; 3% risk of failure)
Confirm with . or Enter, or press ? or * to list all spells.
Aiming: Sticky Flame (safe; 3% risk of failure)
Press: ? - help, Shift-Dir - straight line, f - orc warrior
Aim: an orc warrior, wielding a trident and wearing a chain mail The sticky flame hits the orc warrior.
The orc warrior appears unharmed.
The orc warrior is covered in liquid flames!
The orc warrior burns!
The orc hits you.
* * * LOW HITPOINT WARNING * * *
The orc warrior closely misses you. The orc misses you.
You hit the orc warrior but do no damage.
You bite the orc warrior, but do no damage.
The orc warrior is lightly wounded.
The orc hits you.
* * * LOW HITPOINT WARNING * * *
The orc warrior hits you with a trident!
* * * LOW HITPOINT WARNING * * *
You don't have enough magic at the moment.
You barely miss the orc warrior.
You bite the orc warrior, but do no damage.
The orc warrior is lightly wounded.
The orc warrior burns!
You block the orc's attack. The orc barely misses you.
You block the orc warrior's attack.
You hit the orc warrior but do no damage.
The orc warrior is moderately wounded.
The orc warrior burns!
The orc closely misses you. You block the orc's attack.
Unknown command.
You hit the orc warrior.
The orc warrior is heavily wounded.
The orc warrior burns!
The orc warrior hits you but does no damage.
You block the orc's attack.
You hit the orc warrior but do no damage.
The orc warrior is severely wounded.
The orc misses you.
The orc warrior hits you with a trident!
You die...

+..........#
#..........#
#..........#
#..........#
#..........#
#........>.#
#########'##
##(# #@##
#)ooo..#
#))o...#
.)..$...#
..).))...#
....#.)....#
....########
...


You could see an orc warrior (burning) and 3 orcs.

Vanquished Creatures
  3 two-headed ogres
  An unseen horror (D:12)
  Pikel (D:8)
  An ugly thing (D:13)
  A deep elf mage (D:11)
  A centaur skeleton (D:11)
  A gargoyle (D:12)
  2 kobold demonologists
  3 trolls
  A meliai zombie (D:10)
  Sigmund (D:3)
  A shadow (D:13)
  A wyvern (D:11)
  10 yaks
  3 wraiths (D:11)
  A spriggan (D:8)
  An acid dragon (D:13)
  4 orc warriors
  A slave (D:8)
  A phantom (D:9)
  3 ogres
  3 big kobolds
  4 bullfrogs
  2 gnoll sergeants
  3 scorpions
  9 wights
  4 howler monkeys
  2 crimson imps
  4 hounds
  4 jellies
  8 orc priests
  2 bullfrog skeletons
  4 orc wizards
  3 worker ants
  A hound skeleton (D:4)
  10 gnolls
  16 adders
  2 river rats (Sewer)
  3 oozes
  A worm (D:2)
  20 orcs
  4 giant cockroaches
  4 goblins
  5 hobgoblins
  6 jackals
  3 quokkas
  2 ball pythons (Sewer)
  6 bats
  2 frilled lizards
  25 kobolds
  4 rats
208 creatures vanquished.

Vanquished Creatures (collateral kills)
  2 yaks (D:12)
  2 wraiths (D:11)
  An orc warrior (D:12)
  A wyvern zombie (D:12)
  An orc wizard (D:12)
  An orc (D:12)
  6 kobolds (D:12)
14 creatures vanquished.

Grand Total: 222 creatures vanquished

Notes
Turn   | Place    | Note
-------+----------+-------------------------------------------
     0 | D:1      | tidbits the Gnoll Fire Elementalist began the quest for the Orb.
     0 | D:1      | Reached XP level 1. HP: 13/13 MP: 6/6
    61 | D:2      | Reached skill level 2 in Conjurations
   117 | D:2      | Reached XP level 2. HP: 15/19 MP: 4/7
   173 | D:2      | Reached skill level 5 in Spellcasting
   173 | D:2      | Reached XP level 3. HP: 6/25 MP: 1/9
   250 | D:2      | Reached skill level 1 in Invocations
   314 | D:2      | Reached skill level 1 in Fighting
   314 | D:2      | Reached skill level 1 in Short Blades
   314 | D:2      | Reached skill level 1 in Long Blades
   314 | D:2      | Reached skill level 1 in Axes
   314 | D:2      | Reached skill level 1 in Maces & Flails
   314 | D:2      | Reached skill level 1 in Polearms
   314 | D:2      | Reached skill level 1 in Staves
   314 | D:2      | Reached skill level 1 in Slings
   314 | D:2      | Reached skill level 1 in Bows
   314 | D:2      | Reached skill level 1 in Crossbows
   314 | D:2      | Reached skill level 1 in Throwing
   314 | D:2      | Reached skill level 1 in Armour
   314 | D:2      | Reached skill level 1 in Shields
   314 | D:2      | Reached skill level 1 in Unarmed Combat
   314 | D:2      | Reached skill level 1 in Evocations
   314 | D:2      | Reached XP level 4. HP: 9/32 MP: 6/11
   429 | D:3      | Found a glowing drain.
   438 | Sewer    | Entered a sewer
   443 | Sewer    | Reached skill level 1 in Hexes
   443 | Sewer    | Reached skill level 1 in Charms
   443 | Sewer    | Reached skill level 1 in Summonings
   443 | Sewer    | Reached skill level 1 in Necromancy
   443 | Sewer    | Reached skill level 1 in Translocations
   443 | Sewer    | Reached skill level 1 in Transmutations
   443 | Sewer    | Reached skill level 1 in Ice Magic
   443 | Sewer    | Reached skill level 1 in Air Magic
   443 | Sewer    | Reached skill level 1 in Earth Magic
   443 | Sewer    | Reached skill level 1 in Poison Magic
   513 | Sewer    | Reached XP level 5. HP: 35/37 MP: 10/12
   636 | Sewer    | Noticed a big kobold
   643 | Sewer    | Killed a big kobold
   692 | Sewer    | Reached XP level 6. HP: 44/44 MP: 11/13
   694 | Sewer    | Reached skill level 2 in Invocations
   819 | D:4      | Learned a level 4 spell: Sticky Flame
   823 | D:4      | Learned a level 3 spell: Conjure Flame
   828 | D:5      | Entered Level 5 of the Dungeon
   906 | D:4      | Reached skill level 5 in Dodging
   907 | D:4      | Got a sheer robe
   918 | D:4      | Identified the +0 robe "Motuaf Xoli" {Str+6 Int+4} (You found it on level 4 of the Dungeon)
   925 | D:4      | Reached skill level 2 in Fighting
   925 | D:4      | Reached skill level 2 in Short Blades
   925 | D:4      | Reached skill level 2 in Long Blades
   925 | D:4      | Reached skill level 2 in Axes
   925 | D:4      | Reached skill level 2 in Maces & Flails
   925 | D:4      | Reached skill level 2 in Polearms
   925 | D:4      | Reached skill level 2 in Staves
   925 | D:4      | Reached skill level 2 in Slings
   925 | D:4      | Reached skill level 2 in Bows
   925 | D:4      | Reached skill level 2 in Crossbows
   925 | D:4      | Reached skill level 2 in Throwing
   925 | D:4      | Reached skill level 2 in Armour
   925 | D:4      | Reached skill level 2 in Shields
   925 | D:4      | Reached skill level 2 in Unarmed Combat
   925 | D:4      | Reached skill level 2 in Evocations
   948 | D:4      | Found a glowing golden altar of the Shining One.
   995 | D:4      | Found a sparkling altar of Nemelex Xobeh.
  1202 | D:3      | Found a burning altar of Makhleb.
  1202 | D:3      | Noticed an Executioner
  1206 | D:3      | Found a shadowy altar of Dithmenos.
  1261 | D:3      | Noticed Sigmund
  1268 | D:3      | Killed Sigmund
  1268 | D:3      | Reached XP level 7. HP: 48/51 MP: 6/15
  1442 | D:5      | Reached skill level 2 in Hexes
  1442 | D:5      | Reached skill level 2 in Charms
  1442 | D:5      | Reached skill level 2 in Summonings
  1442 | D:5      | Reached skill level 2 in Necromancy
  1442 | D:5      | Reached skill level 2 in Translocations
  1442 | D:5      | Reached skill level 2 in Transmutations
  1442 | D:5      | Reached skill level 2 in Ice Magic
  1442 | D:5      | Reached skill level 2 in Air Magic
  1442 | D:5      | Reached skill level 2 in Earth Magic
  1442 | D:5      | Reached skill level 2 in Poison Magic
  1445 | D:5      | Reached skill level 3 in Conjurations
  1465 | D:5      | Reached skill level 5 in Stealth
  1603 | D:6      | Reached skill level 3 in Invocations
  1622 | D:6      | Found a staircase to the Ecumenical Temple.
  1661 | Temple   | Entered the Ecumenical Temple
  1690 | Temple   | Became a worshipper of Cheibriados the Contemplative
  1800 | D:8      | Reached XP level 8. HP: 40/57 MP: 16/16
  1831 | D:8      | Noticed a spriggan baker
  1835 | D:8      | Killed a spriggan baker
  1835 | D:8      | Reached skill level 3 in Fighting
  1835 | D:8      | Reached skill level 3 in Short Blades
  1835 | D:8      | Reached skill level 3 in Long Blades
  1835 | D:8      | Reached skill level 3 in Axes
  1835 | D:8      | Reached skill level 3 in Maces & Flails
  1835 | D:8      | Reached skill level 3 in Polearms
  1835 | D:8      | Reached skill level 3 in Staves
  1835 | D:8      | Reached skill level 3 in Slings
  1835 | D:8      | Reached skill level 3 in Bows
  1835 | D:8      | Reached skill level 3 in Crossbows
  1835 | D:8      | Reached skill level 3 in Throwing
  1835 | D:8      | Reached skill level 3 in Armour
  1835 | D:8      | Reached skill level 3 in Shields
  1835 | D:8      | Reached skill level 3 in Unarmed Combat
  1835 | D:8      | Reached skill level 6 in Fire Magic
  1835 | D:8      | Reached skill level 3 in Evocations
  1870 | D:8      | Noticed a two-headed ogre
  1878 | D:8      | HP: 4/58 [two-headed ogre/giant club (16)]
  1879 | D:8      | Killed a two-headed ogre
  1879 | D:8      | Reached skill level 6 in Spellcasting
  1879 | D:8      | Reached skill level 3 in Hexes
  1879 | D:8      | Reached skill level 3 in Charms
  1879 | D:8      | Reached skill level 3 in Summonings
  1879 | D:8      | Reached skill level 3 in Necromancy
  1879 | D:8      | Reached skill level 3 in Translocations
  1879 | D:8      | Reached skill level 3 in Transmutations
  1879 | D:8      | Reached skill level 3 in Ice Magic
  1879 | D:8      | Reached skill level 3 in Air Magic
  1879 | D:8      | Reached skill level 3 in Earth Magic
  1879 | D:8      | Reached skill level 3 in Poison Magic
  1879 | D:8      | Reached skill level 4 in Invocations
  1905 | D:8      | Learned a level 5 spell: Fireball
  1976 | D:8      | Reached XP level 9. HP: 19/65 MP: 12/18
  1978 | D:8      | Reached skill level 6 in Dodging
  2091 | D:8      | Noticed Pikel
  2116 | D:8      | Killed Pikel
  2116 | D:8      | Reached skill level 4 in Fighting
  2116 | D:8      | Reached skill level 4 in Short Blades
  2116 | D:8      | Reached skill level 4 in Long Blades
  2116 | D:8      | Reached skill level 4 in Axes
  2116 | D:8      | Reached skill level 4 in Maces & Flails
  2116 | D:8      | Reached skill level 4 in Polearms
  2116 | D:8      | Reached skill level 4 in Staves
  2116 | D:8      | Reached skill level 4 in Slings
  2116 | D:8      | Reached skill level 4 in Bows
  2116 | D:8      | Reached skill level 4 in Crossbows
  2116 | D:8      | Reached skill level 4 in Throwing
  2116 | D:8      | Reached skill level 4 in Armour
  2116 | D:8      | Reached skill level 4 in Shields
  2116 | D:8      | Reached skill level 4 in Unarmed Combat
  2116 | D:8      | Reached skill level 4 in Conjurations
  2116 | D:8      | Reached skill level 4 in Evocations
  2156 | D:9      | Reached skill level 6 in Stealth
  2184 | D:10     | Entered Level 10 of the Dungeon
  2203 | D:9      | Found a radiant altar of Vehumet.
  2228 | D:9      | Reached * piety under Cheibriados
  2314 | D:9      | Found a staircase to the Lair.
  2389 | D:10     | Reached skill level 5 in Invocations
  2402 | D:10     | Reached skill level 7 in Spellcasting
  2402 | D:10     | Reached XP level 10. HP: 72/73 MP: 5/20
  2423 | D:10     | Reached skill level 4 in Hexes
  2423 | D:10     | Reached skill level 4 in Charms
  2423 | D:10     | Reached skill level 4 in Summonings
  2423 | D:10     | Reached skill level 4 in Necromancy
  2423 | D:10     | Reached skill level 4 in Translocations
  2423 | D:10     | Reached skill level 4 in Transmutations
  2423 | D:10     | Reached skill level 4 in Ice Magic
  2423 | D:10     | Reached skill level 4 in Air Magic
  2423 | D:10     | Reached skill level 4 in Earth Magic
  2423 | D:10     | Reached skill level 4 in Poison Magic
  2445 | D:10     | Learned a level 4 spell: Summon Lightning Spire
  2466 | D:10     | Reached ** piety under Cheibriados
  2567 | D:11     | Reached skill level 5 in Fighting
  2567 | D:11     | Reached skill level 5 in Short Blades
  2567 | D:11     | Reached skill level 5 in Long Blades
  2567 | D:11     | Reached skill level 5 in Axes
  2567 | D:11     | Reached skill level 5 in Maces & Flails
  2567 | D:11     | Reached skill level 5 in Polearms
  2567 | D:11     | Reached skill level 5 in Staves
  2567 | D:11     | Reached skill level 5 in Slings
  2567 | D:11     | Reached skill level 5 in Bows
  2567 | D:11     | Reached skill level 5 in Crossbows
  2567 | D:11     | Reached skill level 5 in Throwing
  2567 | D:11     | Reached skill level 5 in Armour
  2567 | D:11     | Reached skill level 5 in Shields
  2567 | D:11     | Reached skill level 5 in Unarmed Combat
  2567 | D:11     | Reached skill level 5 in Evocations
  2585 | D:11     | Found the +5 scythe "Finisher" {speed, Str+3}
  2591 | D:11     | Reached skill level 7 in Fire Magic
  2598 | D:11     | Reached skill level 7 in Dodging
  2612 | D:11     | You fall through a shaft for 2 floors!
  2690 | D:13     | Found Qoreeh's Distillery.
  2698 | D:13     | Bought a potion of degeneration for 16 gold pieces
  2699 | D:13     | Bought a potion of might for 64 gold pieces
  2699 | D:13     | Bought a potion of heal wounds for 80 gold pieces
  2699 | D:13     | Bought a potion of curing for 48 gold pieces
  2751 | D:13     | Found Nezxar's Elemental Accessories.
  2806 | D:13     | Found a shattered altar of Ashenzari.
  2809 | D:13     | Noticed a green ugly thing
  2819 | D:13     | Killed a green ugly thing
  2819 | D:13     | Reached skill level 5 in Conjurations
  2819 | D:13     | Reached skill level 6 in Invocations
  2824 | D:13     | Reached *** piety under Cheibriados
  2842 | D:13     | Reached skill level 7 in Stealth
  2877 | D:14     | Noticed a kobold demonologist
  2887 | D:14     | Killed a kobold demonologist
  2899 | D:14     | Found a shattered altar of Ashenzari.
  2955 | D:13     | Noticed a centaur warrior
  2963 | D:12     | Noticed a kobold demonologist
  2969 | D:12     | Reached XP level 11. HP: 74/81 MP: 5/22
  2975 | D:12     | Noticed a two-headed ogre
  2992 | D:12     | Killed a two-headed ogre
  3029 | D:12     | Reached skill level 6 in Fighting
  3029 | D:12     | Reached skill level 6 in Short Blades
  3029 | D:12     | Reached skill level 6 in Long Blades
  3029 | D:12     | Reached skill level 6 in Axes
  3029 | D:12     | Reached skill level 6 in Maces & Flails
  3029 | D:12     | Reached skill level 6 in Polearms
  3029 | D:12     | Reached skill level 6 in Staves
  3029 | D:12     | Reached skill level 6 in Slings
  3029 | D:12     | Reached skill level 6 in Bows
  3029 | D:12     | Reached skill level 6 in Crossbows
  3029 | D:12     | Reached skill level 6 in Throwing
  3029 | D:12     | Reached skill level 6 in Armour
  3029 | D:12     | Reached skill level 6 in Shields
  3029 | D:12     | Reached skill level 6 in Unarmed Combat
  3029 | D:12     | Reached skill level 6 in Evocations
  3036 | D:12     | Reached **** piety under Cheibriados
  3058 | D:12     | Noticed an archer statue
  3059 | D:12     | Noticed an archer statue
  3113 | D:12     | Reached skill level 5 in Hexes
  3113 | D:12     | Reached skill level 5 in Charms
  3113 | D:12     | Reached skill level 5 in Summonings
  3113 | D:12     | Reached skill level 5 in Necromancy
  3113 | D:12     | Reached skill level 5 in Translocations
  3113 | D:12     | Reached skill level 5 in Transmutations
  3113 | D:12     | Reached skill level 5 in Ice Magic
  3113 | D:12     | Reached skill level 5 in Air Magic
  3113 | D:12     | Reached skill level 5 in Earth Magic
  3113 | D:12     | Reached skill level 5 in Poison Magic
  3170 | D:13     | Noticed a two-headed ogre
  3179 | D:13     | HP: 4/81 [two-headed ogre/giant club (17)]
  3182 | D:13     | Killed a two-headed ogre
  3182 | D:13     | Reached skill level 8 in Spellcasting
  3260 | D:12     | Noticed an unseen horror
  3265 | D:12     | Killed an unseen horror
  3335 | D:11     | Reached skill level 7 in Invocations
  3360 | D:11     | Noticed a deep elf mage
  3370 | D:11     | Killed a deep elf mage
  3370 | D:11     | Reached skill level 8 in Dodging
  3456 | D:11     | HP: 6/83 [orc warrior/trident (17)]
  3460 | D:11     | Mangled by an orc warrior

Vault maps used:
D:1:      nzn_arrival_settlement
D:2:      cheibrodos_helix_gallery, first_ration
D:3:      makhleb_altar_promises_db, overflow_temple_1_default,
          portal_sewer_entry_d, roderic_roman_lattice, uniq_crazy_yiuf_cottage,
          uniq_sigmund
D:4:      cheibrodos_pilgrimage, nemelex_xobeh_ov_fountains_minmay,
          kennysheep_mini_moat, nicolae_zen_rock_garden
D:5:      uniq_eustachio
D:6:      nicolae_overflow_quartered_altars, temple_statues
D:7:      lemuel_coloured_pillars_altar, minmay_misc_feat_rows
D:8:      gammafunk_temple_overflow_wave, the_bakery, uniq_pikel
D:9:      vehumet_statue, lair_entry_dummy, orc_0_dummy, serial_shops,
          nicolae_shop_crystal, uniq_joseph
D:11:     special_room, minmay_guarded_unrand_finisher
D:12:     minmay_dual_archer_statues
D:13:     hangedman_vaults_entry_quadrant_bands, serial_shops, shop,
          basic_altar, nicolae_elemental_shop
D:14:     lemuel_crystal_altar, spider_trap
Temple:   cyrus_temple_forest
Sewer:    sewer_co_15_rooms

Skill      XL: |  1  2  3  4  5  6  7  8  9 10 11 |
---------------+----------------------------------+-----
Conjurations   | 2 3 4 5 |  5.8
Spellcasting   | 5 6 7 8 |  8.3
Invocations    | 1 2 3 4 5 6 7 |  7.1
Fighting       | 1 2 3 4 5 6 |  6.5
Short Blades   | 1 2 3 4 5 6 |  6.5
Long Blades    | 1 2 3 4 5 6 |  6.5
Axes           | 1 2 3 4 5 6 |  6.5
Maces & Flails | 1 2 3 4 5 6 |  6.5
Polearms       | 1 2 3 4 5 6 |  6.5
Staves         | 1 2 3 4 5 6 |  6.5
Slings         | 1 2 3 4 5 6 |  6.5
Bows           | 1 2 3 4 5 6 |  6.5
Crossbows      | 1 2 3 4 5 6 |  6.5
Throwing       | 1 2 3 4 5 6 |  6.5
Armour         | 1 2 3 4 5 6 |  6.5
Shields        | 1 2 3 4 5 6 |  6.5
Unarmed Combat | 1 2 3 4 5 6 |  6.5
Evocations     | 1 2 3 4 5 6 |  6.5
Hexes          | 1 2 3 4 5 |  5.4
Charms         | 1 2 3 4 5 |  5.4
Summonings     | 1 2 3 4 5 |  5.4
Necromancy     | 1 2 3 4 5 |  5.4
Translocations | 1 2 3 4 5 |  5.4
Transmutations | 1 2 3 4 5 |  5.4
Ice Magic      | 1 2 3 4 5 |  5.4
Air Magic      | 1 2 3 4 5 |  5.4
Earth Magic    | 1 2 3 4 5 |  5.4
Poison Magic   | 1 2 3 4 5 |  5.4
Dodging        | 5 6 7 8 |  8.0
Stealth        | 5 6 7 |  7.8
Fire Magic     | 6 7 |  7.8

Action                   |  1- 3 |  4- 6 |  7- 9 | 10-12 || total
-------------------------+-------+-------+-------+-------++-------
Melee: Short sword       |    10 |       |       |       ||    10
       Whip              |    25 |    28 |    80 |   225 ||   358
       Bite              |     4 |     3 |     8 |    42 ||    57
       Dagger            |       |     1 |     1 |     5 ||     7
Throw: Stone             |       |     2 |       |       ||     2
       Tomahawk          |       |       |    34 |    14 ||    48
 Cast: Flame Tongue      |    29 |    58 |    19 |     2 ||   108
       Sticky Flame      |       |     1 |    11 |    37 ||    49
       Fireball          |       |       |     3 |     1 ||     4
       Conjure Flame     |       |       |     2 |       ||     2
       Summon Lightning  |       |       |       |     5 ||     5
Invok: Slouch            |       |       |       |     2 ||     2
       Bend Time         |       |       |       |     1 ||     1
Evoke: Wand              |       |       |     2 |    12 ||    14
  Use: Scroll            |       |     7 |     5 |     4 ||    16
       Potion            |       |     2 |     2 |     3 ||     7
 Stab: Sleeping          |     1 |     4 |     4 |     6 ||    15
       Distracted        |       |     1 |       |     5 ||     6
       Paralysed         |       |       |       |    19 ||    19
  Eat: Ration            |       |     1 |     1 |       ||     2
       Chunk             |       |       |     3 |     2 ||     5
Armor: Robe              |     4 |     3 |    15 |     3 ||    25
       Leather armour    |       |     1 |       |       ||     1
       Troll leather arm |       |       |       |    28 ||    28
Dodge: Dodged            |    45 |    17 |    75 |   168 ||   305
Block: Buckler           |       |     7 |    36 |   118 ||   161

Table legend:
 A = Spawn XP
 B = Non-spawn XP
 C = Spawn XP percentage of total XP
 D = Spawn monster count
 E = Non-spawn monster count
 F = Spawn count percentage of total count
 G = Total turns spent on level
                    A         B        C        D         E        F      G
               +---------+---------+-------+---------+---------+-------+---------
         Total |       0 |   16532 |   0.0 |       0 |     221 |   0.0 |  3460
               +---------+---------+-------+---------+---------+-------+---------
           D:1 |       0 |       7 |   0.0 |       0 |       5 |   0.0 |    87
           D:2 |       0 |      81 |   0.0 |       0 |      24 |   0.0 |   240
           D:3 |       0 |     298 |   0.0 |       0 |      15 |   0.0 |   361
           D:4 |       0 |     139 |   0.0 |       0 |       9 |   0.0 |   377
           D:5 |       0 |     275 |   0.0 |       0 |       6 |   0.0 |   179
           D:6 |       0 |     101 |   0.0 |       0 |       5 |   0.0 |   151
           D:7 |       0 |      67 |   0.0 |       0 |       1 |   0.0 |    39
           D:8 |       0 |    2034 |   0.0 |       0 |      14 |   0.0 |   356
           D:9 |       0 |     298 |   0.0 |       0 |       4 |   0.0 |   203
          D:10 |       0 |    1915 |   0.0 |       0 |      32 |   0.0 |   213
          D:11 |       0 |    3397 |   0.0 |       0 |      34 |   0.0 |   240
          D:12 |       0 |    3921 |   0.0 |       0 |      25 |   0.0 |   287
          D:13 |       0 |    3050 |   0.0 |       0 |      20 |   0.0 |   335
          D:14 |       0 |     729 |   0.0 |       0 |       6 |   0.0 |    45
         Sewer |       0 |     220 |   0.0 |       0 |      21 |   0.0 |   295
               +---------+---------+-------+---------+---------+-------+---------

Table legend:
 A = Turns spent in this place as a percentage of turns spent in the entire game.
 B = Non-inter-level travel turns spent in this place as a percentage of non-inter-level travel turns spent in the entire game.
 C = Inter-level travel turns spent in this place as a percentage of turns spent in this place.
 D = Turns resting spent in this place as a percentage of non-inter-level travel turns spent in this place.
 E = Turns spent auto-exploring this place as a percentage of non-inter-level travel turns spent in this place.
 F = Non-inter-level travel turns spent in this place divided by the number of levels of this place that you've seen.
                   A       B       C       D       E      F
               +-------+-------+-------+-------+-------+----------------------
         Total | 100.0 | 100.0 |   0.6 |   0.0 |   0.0 | 214.9
       Dungeon |  90.0 |  90.5 |   0.0 |   0.0 |   0.0 | 222.4
        Temple |   1.5 |   0.9 |  40.4 |   0.0 |   0.0 |  31.0
         Sewer |   8.5 |   8.6 |   0.0 |   0.0 |   0.0 | 295.0
               +-------+-------+-------+-------+-------+----------------------

Table legend:
 A = Kills in this place as a percentage of kills in entire the game.
 B = Kills by you in this place as a percentage of kills by you in the entire game.
 C = Kills by friends in this place as a percentage of kills by friends in the entire game.
 D = Other kills in this place as a percentage of other kills in the entire game.
 E = Experience gained in this place as a percentage of experience gained in the entire game.
 F = Experience gained in this place divided by the number of levels of this place that you have seen.
                   A       B       C       D       E      F
               +-------+-------+-------+-------+-------+----------------------
         Total | 100.0 | 100.0 | 100.0 |   N/A | 100.0 | 1033.2
       Dungeon |  90.5 |  89.9 | 100.0 |   N/A |  98.7 | 1165.1
         Sewer |   9.5 |  10.1 |   0.0 |   N/A |   1.3 | 220.0
               +-------+-------+-------+-------+-------+----------------------

Vault maps used:
D:1:      nzn_arrival_settlement
D:2:      cheibrodos_helix_gallery, first_ration
D:3:      makhleb_altar_promises_db, overflow_temple_1_default,
          portal_sewer_entry_d, roderic_roman_lattice, uniq_crazy_yiuf_cottage,
          uniq_sigmund
D:4:      cheibrodos_pilgrimage, nemelex_xobeh_ov_fountains_minmay,
          kennysheep_mini_moat, nicolae_zen_rock_garden
D:5:      uniq_eustachio
D:6:      nicolae_overflow_quartered_altars, temple_statues
D:7:      lemuel_coloured_pillars_altar, minmay_misc_feat_rows
D:8:      gammafunk_temple_overflow_wave, the_bakery, uniq_pikel
D:9:      vehumet_statue, lair_entry_dummy, orc_0_dummy, serial_shops,
          nicolae_shop_crystal, uniq_joseph
D:11:     special_room, minmay_guarded_unrand_finisher
D:12:     minmay_dual_archer_statues
D:13:     hangedman_vaults_entry_quadrant_bands, serial_shops, shop,
          basic_altar, nicolae_elemental_shop
D:14:     lemuel_crystal_altar, spider_trap
Temple:   cyrus_temple_forest
Sewer:    sewer_co_15_rooms
